 Dungeon Crawl Stone Soup version 0.19-a0-1185-gacb3972 (webtiles) character file.

157 Rhoefr the Skirmisher (level 5, 4/42 HPs)
             Began as a Formicid Abyssal Knight on Aug 18, 2016.
             Was a Believer of Lugonu.
             Quit the game on level 3 of the Dungeon.
             The game lasted 00:07:48 (2180 turns).

Rhoefr the Skirmisher (Formicid Abyssal Knight)     Turns: 2180, Time: 00:07:49

Health: 4/42       AC:  6    Str: 17    XL:     5   Next: 66%
Magic:  16/16      EV:  8    Int: 11    God:    Lugonu [**....]
Gold:   160        SH:  8    Dex: 11    Spells: 0 memorised, 4 levels left

rFire  . . .     SeeInvis +     a - +1 spear
rCold  . . .     Gourm    .     m - +0 ring mail
rNeg   . . .     Faith    .     o - +0 shield
rPois  .         Spirit   .     (helmet unavailable)
rElec  .         Dismiss  .     (no cloak)
rCorr  .         Reflect  .     t - +0 pair of gloves
MR     .....     Harm     .     (no boots)
Stlth  ++........               d - amulet of magic regeneration
                                s - ring of magical power
                                v - ring of stealth

@: no status effects
A: permanent stasis, dig shafts and tunnels, four strong arms, antennae 3
a: Dig, Shaft Self, Depart the Abyss, Bend Space, Renounce Religion


You were on level 3 of the Dungeon.
You worshipped Lugonu.
Lugonu was pleased with you.
You were not hungry.

You visited 1 branch of the dungeon, and saw 3 of its levels.
You visited the Abyss 1 time.

You collected 160 gold pieces.

Inventory:

Hand Weapons
 a - a +1 spear (weapon)
Armour
 b - a +0 leather armour
 m - a +0 ring mail (worn)
 o - a +0 shield (worn)
 t - a +0 pair of gloves (worn)
Jewellery
 d - an amulet of magic regeneration (around neck)
 s - a ring of magical power (right hand)
 v - a ring of stealth (left hand)
Wands
 y - a wand of paralysis (14/24)
Scrolls
 e - a scroll of identify {unknown}
 j - a scroll of fear {unknown}
 k - 2 scrolls of enchant weapon {unknown}
 l - 2 scrolls of teleportation
 q - 4 scrolls of remove curse
 r - a scroll of immolation {unknown}
Potions
 f - a potion of haste {unknown}
 h - a potion of degeneration {unknown}
 i - 3 potions of curing
 p - a potion of mutation {unknown}
 u - a potion of berserk rage {unknown}
 w - a potion of heal wounds {unknown}
 z - a potion of agility {unknown}
 A - a potion of flight {unknown}
 B - a potion of experience {unknown}
Comestibles
 c - 4 bread rations
 g - a slice of pizza
 n - a meat ration
 x - 4 fruits
 C - 2 chunks of flesh


   Skills:
 + Level 4.2 Fighting
 * Level 3.3 Polearms
 + Level 2.9 Armour
 - Level 0.8 Dodging
 * Level 2.3 Shields
 + Level 3.1 Invocations


You had 4 spell levels left.
You didn't know any spells.

Dungeon Overview and Level Annotations

Branches:
Dungeon (3/15)

Altars:
Makhleb

Annotations:
D:3 Multipenetrator's ghost, amateur FoEE


Innate Abilities, Weirdness & Mutations

You are under a permanent stasis effect.
You can dig through walls and to a lower floor.
Your four strong arms can wield two-handed weapons with a shield.
You have a pair of large antennae on your head. (SInv)


Message History

* * * LOW HITPOINT WARNING * * *
You hit the scorpion.
The scorpion is almost dead.
The scorpion stings you.
* * * LOW HITPOINT WARNING * * *
You hit the scorpion but do no damage.
The scorpion is almost dead.
The scorpion stings you.
* * * LOW HITPOINT WARNING * * *
You barely miss the scorpion.
The scorpion is almost dead.
The scorpion stings you.
* * * LOW HITPOINT WARNING * * *
You hit the scorpion.
You kill the scorpion!
Lugonu accepts your kill.
Your Invocations skill increases to level 3!
Things that are here:
a scorpion corpse; an orc corpse Are you sure you want to abandon this character and quit the game? (Confirm with "yes".)

#.......#.##.##.#
#.......#[......###
#.....†.####......#
#....)..# #.####.#
#.......# #.####.#
#.......# #...##.#
#.# ####.####
#.#.##.#
#....#####.#
#.#.##.#
........@..#
#....=.#
.##....#####
###.#### .......
.######.# .##.... {
........#### #....
.#####...... ##...
#.##### .....#...#
#.##### ####. .....
#.##... #...#
#.##.##


There were no monsters in sight!

Vanquished Creatures
  A scorpion (D:3)
  A gnoll (D:1)
  4 adders
  An ooze (D:1)
  2 giant geckos
  An orc (D:3)
  A ball python (D:3)
  7 bats
  2 giant cockroaches
  7 goblins
  4 hobgoblins
  A quokka (D:3)
  2 giant newts
  8 kobolds
  19 rats
61 creatures vanquished.

Notes
Turn   | Place    | Note
-------+----------+-------------------------------------------
     0 | Abyss:1  | Rhoefr the Formicid Abyssal Knight began the quest for the Orb.
     0 | Abyss:1  | Reached XP level 1. HP: 18/18 MP: 2/2
    87 | Abyss:1  | Noticed a mottled draconian
    88 | D:1      | Escaped the Abyss
   167 | D:1      | Reached XP level 2. HP: 23/24 MP: 3/3
   171 | D:1      | Reached * piety under Lugonu
   304 | D:1      | Reached XP level 3. HP: 21/30 MP: 4/4
   352 | D:1      | Reached skill level 1 in Shields
   589 | D:1      | Reached skill level 4 in Fighting
   836 | D:2      | Reached XP level 4. HP: 37/37 MP: 5/5
   842 | D:2      | Reached ** piety under Lugonu
   855 | D:2      | Found a burning altar of Makhleb.
  1485 | D:3      | Noticed Multipenetrator's ghost (amateur FoEE)
  2119 | D:3      | Reached XP level 5. HP: 42/42 MP: 7/7
  2180 | D:3      | Quit the game

Vault maps used:
D:1:      erik_arrival_orb_chamber
D:2:      first_bread, bloody_makhleb
D:3:      lemuel_tele_altar

Skill      XL: |  1  2  3  4  5 |
---------------+----------------+-----
Shields        | 1 2 |  2.3
Fighting       | 4 |  4.2
Polearms       | 3 |  3.3
Invocations    | 3 |  3.1
Armour         | |  2.9
Dodging        | |  0.8

Action                   |  1- 3 |  4- 6 || total
-------------------------+-------+-------++-------
Melee: Spear             |   110 |   112 ||   222
Invok: Depart the Abyss  |     1 |       ||     1
  Use: Scroll            |       |     2 ||     2
       Potion            |       |     1 ||     1
  Eat: Chunk             |       |     4 ||     4
Armor: Leather armour    |     4 |       ||     4
       Ring mail         |    23 |    24 ||    47
Dodge: Dodged            |    30 |    23 ||    53
Block: Shield            |    22 |    33 ||    55
